 Dungeon Crawl Stone Soup version 0.27.1-33-g824d729ab1 (webtiles) character file.

Game seed: 13950805456530144277

3540 lordive the Archer (level 10, 0/60 HPs)
             Began as a Tengu Hunter on Dec 27, 2021.
             Was a Believer of Okawaru.
             Slain by a tengu warrior (7 damage)
             ... on level 8 of the Dungeon.
             The game lasted 00:26:16 (9587 turns).

lordive the Archer (Tengu Hunter)                   Turns: 9587, Time: 00:26:17

Health: 0/60       AC:  7    Str: 15    XL:     10   Next: 8%
Magic:  0/23       EV: 15    Int: 12    God:    Okawaru [**....]
Gold:   285        SH:  0    Dex: 15    Spells: 9/9 levels left

rFire    . . .     SeeInvis .   B - +3 dagger (venom)
rCold    . . .     Faith    .   (no shield)
rNeg     + . .     Spirit   +   E - +0 acid dragon scales
rPois    .         Reflect  .   (helmet restricted)
rElec    .         Harm     .   (no cloak)
rCorr    +         Rampage  .   (no gloves)
Will     .....                  (boots unavailable)
Stlth    ++........             f - amulet of guardian spirit
HPRegen  0.20/turn              g - ring of magical power
MPRegen  0.18/turn              o - ring of positive energy

@: flying quickly and evasively, very slightly contaminated, invisible, quick
A: beak, talons 3, nimble flight
a: Renounce Religion, Heroism


You were on level 8 of the Dungeon.
You worshipped Okawaru.
Okawaru was pleased with you.
You visited 2 branches of the dungeon, and saw 9 of its levels.

You collected 285 gold pieces.

Inventory:

Hand Weapons
 a - a +1 shortbow
 B - a +3 dagger of venom (weapon)
Missiles
 d - 11 arrows
 L - a throwing net (quivered)
Armour
 E - +0 acid dragon scales (worn)
 H - the +0 robe of Narcissism {Slay+2}
   (You found it on level 6 of the Dungeon)

   Slay:      It affects your accuracy & damage with ranged weapons and melee
   (+2).
 M - +0 steam dragon scales
Jewellery
 f - an amulet of guardian spirit (around neck)
 g - a ring of magical power (left hand)
 o - a ring of positive energy (right hand)
 q - a ring of fire
 F - a ring of positive energy
 J - a ring of ice
Wands
 c - a wand of acid (7)
 A - a wand of digging (2)
 C - a wand of polymorph (1)
Scrolls
 j - 2 scrolls of blinking {unknown}
 k - a scroll of magic mapping {unknown}
 l - a scroll of enchant armour {unknown}
 m - a scroll of teleportation
 p - 2 scrolls of holy word {unknown}
 r - a scroll of silence {unknown}
 s - a scroll of amnesia {unknown}
 u - a scroll of enchant weapon {unknown}
 v - 2 scrolls of fear {unknown}
 y - 2 scrolls of immolation {unknown}
 I - a scroll of vulnerability {unknown}
Potions
 b - a potion of curing
 e - 2 potions of might
 h - a potion of heal wounds {unknown}
 i - a potion of brilliance
 n - a potion of cancellation {unknown}
 t - a potion of lignification {unknown}
 x - 2 potions of ambrosia {unknown}
 z - a potion of haste {unknown}
 D - a potion of attraction {unknown}
 G - a potion of berserk rage {unknown}
 K - a potion of resistance {unknown}
 N - a potion of mutation {unknown}


   Skills:
 + Level 6.0 Fighting
 + Level 0.1 Short Blades
 + Level 11.9 Bows
 + Level 4.4 Armour
 + Level 3.8 Dodging
 + Level 2.2 Stealth
 * Level 4.4 Invocations


You had 9 spell levels left.
You didn't know any spells.
Your spell library contained the following spells:

 Spells                   Type           Power      Damage    Failure   Level
 Animate Skeleton         Necr           0%         N/A       41%         1
 Pain                     Necr           0%         1d4       41%         1
 Vampiric Draining        Necr           0%         2d6       80%         3
 Animate Armour           Summ/Erth      0%         N/A       99%         4
 Blade Hands              Tmut           0%         N/A       100%        5
 Fireball                 Conj/Fire      0%         3d3       100%        5
 Conjure Ball Lightning   Conj/Air       0%         3x3d6     100%        6
 Iron Shot                Conj/Erth      0%         9d1       100%        6
 Lehudib's Crystal Spear  Conj/Erth      0%         10d2      100%        8


Dungeon Overview and Level Annotations

Branches:
Dungeon (8/15)             Temple (1/1) D:4
   Lair: D:8-11

Altars:
Ashenzari
Cheibriados
Dithmenos
Elyvilon
Fedhas
Gozag
Hepliaklqana
Kikubaaqudgha
Nemelex Xobeh
Okawaru
Qazlal
Ru
Sif Muna
Uskayaw
Vehumet
Wu Jian
Xom
Yredelemnul
Zin
The Shining One


Innate Abilities, Weirdness & Mutations

You have a beak for a mouth.
You have claws for feet.
Your magical nature lets you fly swiftly and evasively.


Message History

The tengu warrior claws you but does no damage.
The tengu warrior barely misses you.
The tengu warrior completely misses you.
The tengu warrior claws you.
There is a stone staircase leading down here.
You hit the tengu warrior but do no damage.
Your peck misses the tengu warrior.
The tengu warrior hits you with a +0 battleaxe!
The tengu warrior pecks you.
The tengu warrior completely misses you.
You closely miss the tengu warrior. Your kick misses the tengu warrior.
You peck the tengu warrior, but do no damage.
The tengu warrior is lightly wounded.
The tengu warrior hits you but does no damage.
The tengu warrior pecks you but does no damage.
The tengu warrior claws you but does no damage.
The tengu warrior looks more healthy.
You barely miss the tengu warrior. Your kick misses the tengu warrior.
Your peck misses the tengu warrior.
The tengu warrior is lightly wounded.
The tengu warrior hits you with a +0 battleaxe!
* * * LOW HITPOINT WARNING * * *
The tengu warrior misses you.
The tengu warrior claws you but does no damage.
You fade into invisibility!
The tengu warrior closely misses you. x2
The tengu warrior claws you but does no damage.
You are very lightly contaminated with residual magic.
You hit the tengu warrior.
The tengu warrior is poisoned.
You claw the tengu warrior.
The tengu warrior is lightly wounded.
The tengu warrior hits you with a +0 battleaxe.
* * * LOW HITPOINT WARNING * * *
The tengu warrior pecks you.
* * * LOW HITPOINT WARNING * * *
The tengu warrior closely misses you.
You hit the tengu warrior.
The tengu warrior is lightly wounded.
The tengu warrior hits you with a +0 battleaxe!
You die...

#.......# #.#
#...#
#.......#
#.#########
#......[#
#.........#
#..#'#####
#########.#
#..#.....#
#.#
##>#.###.#
#.# #.#.###.#
#.#
#.#..##.#####
#.#
#.##@##.....#
#.#
#.##Q######.#
#.# #.##.#
#.#######.#
#.##.#
#.........#
#....#
###########
######


You could see a tengu warrior (very poisoned).

Vanquished Creatures
  Pikel (D:6)
  Sigmund (D:6)
  A steam dragon (D:7)
  2 acid dragons
  Duvessa (D:5)
  2 sky beasts
  2 black bears
  2 necrophages
  An ogre (D:4)
  A phantom (D:6)
  A bullfrog (D:6)
  2 kobold brigands (D:7)
  2 scorpions (D:5)
  Dowan (D:5)
  A water moccasin skeleton (D:7)
  4 killer bees (D:8)
  2 howler monkeys (D:8)
  3 centaur zombies (D:8)
  A hound (D:7)
  A jelly (D:5)
  5 orc priests
  A bullfrog skeleton (D:7)
  A centaur skeleton (D:7)
  An iguana (D:7)
  5 orc wizards
  2 killer bee zombies
  A hound skeleton (D:5)
  A howler monkey zombie (D:5)
  11 gnolls
  4 adders
  A white imp (D:7)
  An ufetubus (D:6)
  An adder skeleton (D:4)
  A worm (D:3)
  21 orcs
  8 ball pythons
  4 bats
  10 endoplasms
  5 giant cockroaches
  2 goblins (D:3)
  4 hobgoblins
  3 jackals (D:1)
  2 quokkas
  3 frilled lizards
  12 kobolds
  3 rats
145 creatures vanquished.

Vanquished Creatures (others)
  A jelly (D:5)
  12 fungi (D:5)
13 creatures vanquished.

Grand Total: 158 creatures vanquished

Notes
Turn   | Place    | Note
-------+----------+-------------------------------------------
     0 | D:1      | lordive the Tengu Hunter began the quest for the Orb.
     0 | D:1      | Reached XP level 1. HP: 12/12 MP: 2/2
   263 | D:1      | Reached XP level 2. HP: 17/17 MP: 3/3
   638 | D:1      | Reached skill level 5 in Bows
   876 | D:2      | Reached XP level 3. HP: 21/21 MP: 4/4
   905 | D:2      | Found a faded altar of an unknown god.
  1613 | D:3      | Reached XP level 4. HP: 26/26 MP: 5/5
  1814 | D:3      | Found a shimmering blue altar of Sif Muna.
  2113 | D:4      | Paralysed by a gnoll for 7 turns
  2121 | D:4      | Reached skill level 6 in Bows
  2420 | D:4      | Gained mutation: Your magical nature lets you fly swiftly
                  | and evasively. [Tengu growth]
  2420 | D:4      | Reached XP level 5. HP: 26/31 MP: 6/6
  2527 | D:4      | Noticed a black bear
  2542 | D:4      | Killed a black bear
  2543 | D:4      | Reached skill level 1 in Armour
  2945 | D:4      | Found a staircase to the Ecumenical Temple.
  2996 | D:5      | Entered Level 5 of the Dungeon
  2996 | D:5      | Noticed an ogre
  3019 | D:4      | Killed an ogre
  3020 | D:4      | Reached skill level 7 in Bows
  3020 | D:4      | Reached XP level 6. HP: 34/37 MP: 7/7
  3327 | D:5      | Noticed a black bear
  3334 | D:5      | Killed a black bear
  3391 | D:5      | Reached XP level 7. HP: 13/41 MP: 8/8
  3720 | D:5      | Reached skill level 8 in Bows
  3856 | D:5      | Noticed Dowan
  4290 | D:5      | Noticed Duvessa
  4351 | D:5      | Killed Duvessa
  4361 | D:5      | Killed Dowan
  4608 | D:5      | Reached skill level 9 in Bows
  4608 | D:5      | Reached XP level 8. HP: 48/48 MP: 9/9
  5241 | Temple   | Entered the Ecumenical Temple
  5258 | Temple   | Became a worshipper of Warmaster Okawaru
  5662 | D:6      | Noticed Pikel
  5679 | D:6      | Killed Pikel
  5679 | D:6      | Reached * piety under Okawaru
  5680 | D:6      | Reached skill level 10 in Bows
  5680 | D:6      | Reached XP level 9. HP: 33/53 MP: 11/11
  5983 | D:6      | Reached skill level 5 in Fighting
  6007 | D:6      | Identified the +0 robe of Narcissism {Slay+2}
  6039 | D:6      | Found a broken altar of Ashenzari.
  6135 | D:6      | Reached ** piety under Okawaru
  6382 | D:6      | Noticed Sigmund
  6395 | D:6      | Killed Sigmund
  6396 | D:6      | Reached skill level 11 in Bows
  6551 | D:6      | Found a stormy altar of Qazlal.
  6551 | D:6      | Found a white marble altar of Elyvilon.
  6634 | D:7      | Found a blossoming altar of Fedhas.
  7337 | D:7      | Found a shimmering altar of Xom.
  8063 | D:8      | Found an opulent altar of Gozag.
  8484 | D:8      | Noticed a tengu warrior
  9286 | D:8      | Reached XP level 10. HP: 59/60 MP: 14/14
  9519 | D:8      | Got the Reference Book on Fire and Attacks
  9587 | D:8      | Slain by a tengu warrior

Illustrated notes

Levels and vault maps discovered:
D:1:      nagdon_arrival_zigzag_paths, layout_basic, kennysheep_nondescript,
          roderic_cross_of_infinity, dk_noncrumbling_4, minmay_pentomino_x4
D:2:      layout_rooms, basic_ecumenical_altar
D:3:      layout_basic, nicolae_sif_muna_little_library, serial_park_tiny_pond,
          guppyfry_early_orc_mine
D:4:      minmay_angry_zag, layout_basic, minmay_temple_entry_grid
D:5:      layout_rooms, gup_sewer_entry_glass, serial_aquarium,
          aquarium_bridge_long_separate [aquarium_subvault_bridge,
          aquarium_subvault_wall, aquarium_subvault_bridge,
          aquarium_subvault_window, aquarium_subvault_bridge,
          aquarium_subvault_bridge], aquarium_bridge_straight
          [aquarium_subvault_bridge, aquarium_subvault_wall,
          aquarium_subvault_bridge, aquarium_subvault_window],
          aquarium_window_3, aquarium_window_corner, aquarium_view_2e,
          aquarium_balcony_1b, chequers_arboretum, lemuel_flame_loot_1,
          uniq_duvessa
D:6:      layout_gridville, nicolae_ashenzari_panopticon,
          gammafunk_temple_overflow_statue, uniq_pikel, uniq_sigmund
D:7:      layout_basic, fedhas_altar_1, mainiacjoe_overflow_tiny_flanked,
          serial_corexii_hall, corexii_hall_statues_deadend,
          chequers_hall_statues_y
D:8:      layout_basic, nicolae_gozag_seed_capital, kennysheep_just_a_vault
Temple:   cyrus_circular_temple

Skill      XL: |  1  2  3  4  5  6  7  8  9 |
---------------+----------------------------+-----
Bows           | 5 6 7 9 10 11 | 11.9
Armour         | 2 3 4 |  4.4
Fighting       | 3 4 6 |  6.0
Dodging        | 3 |  3.8
Invocations    | 2 4 |  4.4
Stealth        | 2 |  2.2
Short Blades   | |  0.1

Action                   |  1- 3 |  4- 6 |  7- 9 | 10-12 || total
-------------------------+-------+-------+-------+-------++-------
Melee: Shortbow          |       |       |     2 |       ||     2
       Dagger            |       |       |     7 |    18 ||    25
       Kick              |       |       |     3 |     6 ||     9
       Peck              |       |       |     2 |     5 ||     7
 Fire: Shortbow          |   102 |   111 |   412 |     7 ||   632
  Use: Scroll            |       |       |     6 |       ||     6
       Potion            |       |       |       |     1 ||     1
Armor: Leather armour    |     5 |     6 |     5 |       ||    16
       Skin              |       |       |    10 |       ||    10
       Acid dragon scale |       |       |    33 |    10 ||    43
Dodge: Dodged            |    19 |    40 |   123 |    19 ||   201
